 Dungeon Crawl Stone Soup version 0.22.0-2-ge58baed (webtiles) character file.

15782 rgaf the Grappler (level 12, -8/112 HPs)
             Began as a Ghoul Monk on Aug 12, 2018.
             Was a High Priest of Makhleb.
             Mangled by an ice devil (11 damage)
             ... in an ice cave.
             The game lasted 00:13:53 (14573 turns).

rgaf the Grappler (Ghoul Monk)                     Turns: 14573, Time: 00:13:54

Health: -8/112     AC: 19    Str: 20    XL:     12   Next: 30%
Magic:  18/18      EV:  7    Int:  7    God:    Makhleb [*****.]
Gold:   470        SH:  2    Dex: 11    Spells: 11/11 levels left

rFire    . . .     SeeInvis .     - Unarmed
rCold    + . .     Gourm    .   (no shield)
rNeg     + + +     Faith    .   E - +0 plate armour
rPois    ∞         Spirit   .   c - +1 helmet
rElec    .         Reflect  +   (no cloak)
rCorr    .         Harm     .   (no gloves)
MR       .....                  C - +2 pair of boots
Stlth    ..........             F - +2 amulet of reflection
HPRegen  0.00/turn              s - +2 ring of intelligence
MPRegen  0.16/turn              G - ring of positive energy

@: rotting
A: rotting body, claws 1, carnivore, cold resistance 1, negative energy
resistance 3, inhibited regeneration, torment resistance, unbreathing
a: Minor Destruction, Lesser Servant of Makhleb, Major Destruction, Greater
Servant of Makhleb, Renounce Religion


You were in an ice cave.
You worshipped Makhleb.
Makhleb was extremely pleased with you.
You were not hungry.

You visited 3 branches of the dungeon, and saw 14 of its levels.
You also visited: Ice Cave.

You collected 792 gold pieces.
You spent 322 gold pieces at shops.

Inventory:

Missiles
 z - 4 poisoned javelins (quivered)
 B - 6 throwing nets
Armour
 a - a +0 robe
 b - a +0 scale mail
 c - a +1 helmet (worn)
 x - a +0 pair of gloves
 C - a +2 pair of boots (worn)
 E - a +0 plate armour (worn)
Jewellery
 s - a +2 ring of intelligence (left claw)
 F - a +2 amulet of reflection (around neck)
 G - a ring of positive energy (right claw)
 H - a cursed -2 ring of intelligence
 J - an uncursed ring of protection from magic {unknown}
 N - an uncursed amulet of faith {unknown}
 V - a cursed ring of teleportation {unknown}
Wands
 g - a wand of enslavement (14)
 y - a wand of clouds (1)
 A - a wand of paralysis (18)
 L - a wand of acid (12)
 M - a wand of disintegration (8)
 R - a wand of iceblast (4)
 S - a wand of random effects (14)
Scrolls
 i - 2 scrolls of enchant armour
 k - 8 scrolls of amnesia
 m - 2 scrolls of fear
 o - 10 scrolls of teleportation
 p - 2 scrolls of blinking
 q - 12 scrolls of identify
 r - 3 scrolls of remove curse
 t - 2 scrolls of fog
 w - 3 scrolls of immolation
 T - a scroll of holy word {unknown}
Potions
 d - 4 potions of haste {unknown}
 f - 6 potions of curing
 h - a potion of degeneration {unknown}
 j - 3 potions of magic {unknown}
 l - 2 potions of lignification {unknown}
 n - 3 potions of invisibility {unknown}
 u - a potion of ambrosia {unknown}
 v - 2 potions of heal wounds {unknown}
 D - a potion of berserk rage {unknown}
 I - a potion of might
 K - 2 potions of agility {unknown}
 O - a potion of mutation {unknown}
 P - 2 potions of brilliance {unknown}
 Q - a potion of cancellation {unknown}
 W - a potion of experience {unknown}
Comestibles
 e - 35 rations


   Skills:
 + Level 11.8 Fighting
 + Level 7.5 Armour
 - Level 2.6 Dodging
 - Level 2.1 Stealth
 * Level 12.4 Unarmed Combat
 - Level 10.1 Invocations


You had 11 spell levels left.
You didn't know any spells.
Your spell library was empty.

Dungeon Overview and Level Annotations

Branches:
Dungeon (11/15)            Temple (1/1) D:4            Lair (2/6) D:11
    Orc (0/2) D:9
  Swamp: Lair:2-4    Shoals: Lair:2-4     Snake: Lair:2-4    Spider: Lair:2-4

Altars:
Ashenzari
Cheibriados
Dithmenos
Elyvilon
Gozag
Hepliaklqana
Kikubaaqudgha
Makhleb
Nemelex Xobeh
Okawaru
Qazlal
Ru
Sif Muna
Trog
Uskayaw
Vehumet
Wu Jian
Xom
Yredelemnul
Zin
The Shining One
Beogh

Shops:
D:6 *   D:9 ?

Annotations:
D:5 3 runed doors, Spaninq's ghost, novice KoVM
Lair:1 3 runed doors, Wouwko's ghost, novice OpFE IceCv exclusion: ice statue


Innate Abilities, Weirdness & Mutations

Your body is rotting away.
You thrive on raw meat.
You are immune to poison.
You have sharp fingernails.
You are carnivorous and can eat meat at any time.
Your flesh is cold resistant. (rC+)
You are immune to negative energy. (rN+++)
You do not regenerate when monsters are visible.
You are immune to unholy pain and torment.
You can survive without breathing.


Message History

Your ynoxinul is engulfed in freezing vapours.
Your ufetubus hits the ice beast.
Your ufetubus hits the ice beast but does no damage.
The ice statue gestures at you. The bolt of cold hits you! You resist.
* * * LOW HITPOINT WARNING * * *
The bolt of cold hits the ice beast.
The ice beast completely resists.
You claw the ice statue!
You destroy the ice statue!
Makhleb accepts your kill.
You feel better.
The ice beast disappears in a puff of smoke! x2
You are engulfed in freezing vapours.
You resist.
* * * LOW HITPOINT WARNING * * *
Your ufetubus hits the ice beast.
Your ufetubus closely misses the ice beast.
The ice devil hits you.
* * * LOW HITPOINT WARNING * * *
The ice devil freezes you! You resist.
You die...

##.....##
##.5.## #...##
##...# ##...#
#...## ####...##
##§#35..§#8
#..@§Y..§§§.#
#..§4§...Y§§..
#..........§..#
#...............
#...............
#.......⌠......
#.............
#............


You could see an ice statue, an ice devil, 2 ice beasts, a friendly ynoxinul and
a friendly ufetubus.

Vanquished Creatures
  An orc knight (D:10)
  A manticore (D:11)
  2 ugly things (D:11)
  An elephant (Lair:1)
  3 gargoyles (D:11)
  An ice statue (IceCv)
  2 spiny frogs (Lair:1)
  3 komodo dragons
  An ice devil (IceCv)
  Grinder (D:3)
  A hippogriff (D:5)
  3 wyverns
  A spriggan (D:7)
  22 yaks
  Grum (D:8)
  A hungry ghost (D:11)
  Menkaure (D:4)
  Edmund (D:5)
  An acid dragon (D:11)
  A porcupine (Lair:2)
  2 water moccasins (Lair:1)
  9 orc warriors
  4 ice beasts
  A sky beast (D:6)
  2 black bears
  2 necrophages (D:11)
  3 ogres
  A phantom (D:11)
  2 centaurs
  2 wolves (D:8)
  6 crocodiles
  A gnoll sergeant (D:11)
  6 bullfrogs
  5 scorpions
  A water moccasin skeleton (D:11)
  5 wights
  3 electric eels (D:10)
  7 crimson imps
  3 bullfrog zombies
  5 hounds
  2 jellies
  5 orc priests
  A centaur skeleton (D:9)
  A bullfrog skeleton (D:9)
  Jessica (D:2)
  An iguana (D:7)
  Natasha (thrice) (D:2)
  5 worker ants
  6 orc wizards
  2 hound skeletons
  2 worker ant zombies
  12 gnolls
  5 adders
  5 shadow imps
  An ooze (D:1)
  An adder zombie (D:7)
  3 worms
  5 leopard geckos
  53 orcs
  A ball python (D:4)
  7 bats
  5 giant cockroaches
  6 goblins
  10 hobgoblins
  12 jackals
  4 kobolds
  4 quokkas
  3 frilled lizards
  A jackal skeleton (D:7)
  A quokka skeleton (D:4)
  8 rats
  A plant (Lair:1)
296 creatures vanquished.

Vanquished Creatures (collateral kills)
  Harold (D:10)
  An ice devil (IceCv)
  2 wights (D:10)
  An orc priest (D:10)
5 creatures vanquished.

Vanquished Creatures (others)
  A fungus (Lair:2)
  2 plants (Lair:1)
3 creatures vanquished.

Grand Total: 304 creatures vanquished

Notes
Turn   | Place    | Note
-------+----------+-------------------------------------------
     0 | D:1      | rgaf the Ghoul Monk began the quest for the Orb.
     0 | D:1      | Reached XP level 1. HP: 19/19 MP: 0/0
   323 | D:1      | Reached XP level 2. HP: 24/26 MP: 1/1
   438 | D:1      | Reached skill level 4 in Unarmed Combat
   843 | D:2      | Reached XP level 3. HP: 31/31 MP: 2/2
  1172 | D:2      | Noticed Jessica
  1180 | D:2      | Killed Jessica
  1180 | D:2      | Reached skill level 5 in Unarmed Combat
  1180 | D:2      | Reached XP level 4. HP: 34/38 MP: 3/3
  1222 | D:2      | Noticed Natasha
  1230 | D:2      | Killed Natasha
  1253 | D:2      | Noticed Natasha
  1422 | D:2      | Killed Natasha
  1422 | D:2      | Reached skill level 6 in Unarmed Combat
  1422 | D:2      | Reached XP level 5. HP: 36/45 MP: 4/4
  1511 | D:2      | Noticed Natasha
  1524 | D:2      | Killed Natasha
  2007 | D:3      | Reached skill level 7 in Unarmed Combat
  2017 | D:3      | Reached XP level 6. HP: 33/51 MP: 5/5
  2464 | D:3      | Noticed Grinder
  2566 | D:3      | Killed Grinder
  2566 | D:3      | Reached skill level 8 in Unarmed Combat
  2566 | D:3      | Reached XP level 7. HP: 35/57 MP: 6/6
  2798 | D:3      | Found a snail-covered altar of Cheibriados.
  2881 | D:4      | Found a hazy altar of Hepliaklqana.
  2916 | D:4      | Found a staircase to the Ecumenical Temple.
  2925 | Temple   | Entered the Ecumenical Temple
  3015 | Temple   | Became a worshipper of Makhleb the Destroyer
  3015 | Temple   | Reached * piety under Makhleb
  3015 | Temple   | Reached ** piety under Makhleb
  3106 | D:4      | Found a sparkling altar of Nemelex Xobeh.
  3141 | D:4      | Noticed Menkaure
  3147 | D:4      | Killed Menkaure
  3147 | D:4      | Reached skill level 1 in Armour
  3434 | D:4      | Noticed a dagger
  3435 | D:4      | Found a hide-covered altar of Uskayaw.
  3435 | D:4      | Noticed a dagger
  3678 | D:5      | Entered Level 5 of the Dungeon
  3765 | D:5      | Found a runed gate.
  3765 | D:5      | Noticed Spaninq's ghost (novice KoVM)
  3766 | D:5      | Found a runed gate.
  3767 | D:5      | Found a runed gate.
  3777 | D:5      | Found a roughly hewn altar of Beogh.
  3894 | D:5      | Noticed Edmund
  3921 | D:5      | Killed Edmund
  3966 | D:5      | Reached XP level 8. HP: 52/67 MP: 7/7
  3970 | D:5      | Reached skill level 5 in Fighting
  4088 | D:5      | Noticed a hippogriff
  4103 | D:5      | Killed a hippogriff
  4678 | D:6      | Reached skill level 1 in Invocations
  5271 | D:6      | Reached XP level 9. HP: 78/78 MP: 10/10
  5278 | D:6      | Found Idayghaq's General Store.
  5281 | D:6      | Bought a potion of might for 56 gold pieces
  5281 | D:6      | Bought 2 scrolls of identify for 56 gold pieces
  5281 | D:6      | Bought a potion of curing for 42 gold pieces
  5619 | D:6      | Reached skill level 5 in Armour
  5619 | D:6      | Reached skill level 5 in Invocations
  5700 | D:6      | Found a glowing golden altar of the Shining One.
  5748 | D:7      | Reached *** piety under Makhleb
  6864 | D:7      | Found an iron altar of Okawaru.
  6865 | D:7      | Found a stormy altar of Qazlal.
  7128 | D:8      | Noticed Grum
  7155 | D:8      | Killed Grum
  7642 | D:8      | Reached XP level 10. HP: 85/89 MP: 13/15
  8606 | D:9      | Found Ifagav's Magic Scroll Shop.
  8613 | D:9      | Bought a scroll of teleportation for 48 gold pieces
  8613 | D:9      | Bought a scroll of blinking for 120 gold pieces
  8663 | D:9      | Reached **** piety under Makhleb
  8840 | D:9      | Found a staircase to the Orcish Mines.
  9195 | D:9      | Found a shadowy altar of Dithmenos.
  9233 | D:10     | Entered Level 10 of the Dungeon
  9339 | D:10     | Noticed Harold
  9362 | D:10     | Killed Harold
  9362 | D:10     | Reached skill level 10 in Invocations
  9913 | D:10     | Reached skill level 10 in Fighting
 10414 | D:10     | Reached skill level 9 in Unarmed Combat
 10783 | D:10     | Noticed an orc knight
 10830 | D:10     | Killed an orc knight
 10830 | D:10     | Reached XP level 11. HP: 56/99 MP: 17/17
 11197 | D:11     | Noticed a white ugly thing
 11222 | D:11     | Killed a white ugly thing
 11222 | D:11     | Reached skill level 10 in Unarmed Combat
 11610 | D:11     | Found a staircase to the Lair.
 12139 | D:11     | Noticed a white ugly thing
 12178 | D:11     | Killed a white ugly thing
 12209 | D:11     | Reached skill level 11 in Unarmed Combat
 12230 | D:11     | Reached ***** piety under Makhleb
 12606 | D:11     | Noticed a manticore
 12618 | D:11     | Killed a manticore
 13181 | Lair:1   | Entered Level 1 of the Lair of Beasts
 13406 | Lair:1   | Reached XP level 12. HP: 98/110 MP: 18/18
 13541 | Lair:1   | Reached skill level 12 in Unarmed Combat
 13628 | Lair:1   | Found a runed gate.
 13628 | Lair:1   | Found a runed gate.
 13628 | Lair:1   | Found a runed gate.
 13756 | Lair:1   | Noticed Wouwko's ghost (novice OpFE)
 14408 | Lair:2   | Found a frozen archway.
 14413 | IceCv    | Entered an ice cave
 14572 | IceCv    | HP: 4/112 [ice statue/bolt of cold (12)]
 14573 | IceCv    | Mangled by an ice devil

Skill      XL: |  1  2  3  4  5  6  7  8  9 10 11 12 |
---------------+-------------------------------------+-----
Unarmed Combat | 4 5 6 7 8 9 11 12 | 12.4
Fighting       | 4 6 8 10 11 | 11.8
Armour         | 2 4 5 7 |  7.5
Invocations    | 3 8 10 | 10.1
Dodging        | |  2.6
Stealth        | |  2.1

Action                   |  1- 3 |  4- 6 |  7- 9 | 10-12 || total
-------------------------+-------+-------+-------+-------++-------
Melee: Unarmed           |    72 |   165 |   347 |   744 ||  1328
       Punch             |     1 |     4 |     8 |    26 ||    39
Invok: Lesser Servant of |       |       |       |     3 ||     3
Evoke: Wand              |       |       |     3 |    10 ||    13
  Use: Scroll            |       |       |     2 |    11 ||    13
       Potion            |       |       |     2 |     1 ||     3
 Stab: Sleeping          |     1 |       |       |       ||     1
       Confused          |       |       |     2 |       ||     2
       Distracted        |       |       |       |     2 ||     2
  Eat: Chunk             |     1 |     5 |    18 |    25 ||    49
Armor: Robe              |     7 |       |       |       ||     7
       Scale mail        |    45 |    63 |    82 |       ||   190
       Plate armour      |       |       |    71 |   353 ||   424
Dodge: Dodged            |    48 |    85 |   111 |   165 ||   409
Block: Other             |       |       |     9 |    35 ||    44
